 Dungeon Sprint DCSS version 0.23.2-11-gf996548c65 (webtiles) character file.

Game seed: 6852903533007604387

1111 Kobolds4U the Severer (level 8, -1/127 HPs)
             Began as a Minotaur Fighter on June 3, 2019.
             Slain by a centaur warrior (13 damage)
             ... in the Dungeon (Sprint I: "Red Sonja").
             The game lasted 00:01:02 (92 turns).

Kobolds4U the Severer (Minotaur Fighter)              Turns: 92, Time: 00:01:02

Health: -1/127     AC:  6    Str: 25    XL:     8   Next: 11%
Magic:  7/7        EV:  7    Int:  5    God:
Gold:   54         SH: 10    Dex: 13    Spells: 7/7 levels left

rFire    . . .     SeeInvis .   a - +0 war axe
rCold    . . .     Gourm    .   c - +0 shield
rNeg     . . .     Faith    .   b - +0 scale mail
rPois    .         Spirit   .   (helmet restricted)
rElec    .         Reflect  .   (no cloak)
rCorr    .         Harm     .   (no gloves)
MR       .....     NoTele   +   (no boots)
Stlth    ..........             (no amulet)
HPRegen  0.31/turn              (no ring)
MPRegen  0.10/turn              (no ring)

@: mighty, berserking, very slightly contaminated, very quick
A: retaliatory headbutt, horns 2
a: no special abilities


You were in the Dungeon.
You were not hungry.

You visited 1 branch You collected 54 gold pieces.

Inventory:

Hand Weapons
 a - a +0 war axe (weapon)
Armour
 b - a +0 scale mail (worn)
 c - a +0 shield (worn)
Potions
 d - a potion of experience {unknown}
 e - a potion of curing
 h - a potion of haste
 i - 2 potions of magic
 l - a potion of flight {unknown}
Comestibles
 f - a ration
 m - 3 chunks of flesh


   Skills:
 + Level 12.5 Fighting
 * Level 16.3 Axes
 - Level 3.6 Armour
 - Level 3.6 Shields


You had 7 spell levels left.
You didn't know any spells.
Your spell library was empty.

Dungeon Overview and Level Annotations

Branches:
Dungeon (1/1)

Altars:
Makhleb
Sif Muna
Vehumet
Wu Jian
Xom
Jiyva
Lugonu


Innate Abilities, Weirdness & Mutations

You reflexively headbutt those who attack you in melee.
You have a pair of horns on your head.


Message History

You slash the centaur warrior! The centaur warrior hits you!
* * * LOW HITPOINT WARNING * * *
You block the centaur warrior's attack.
You closely miss the centaur warrior. You headbutt the centaur warrior.
You kill the centaur warrior!
Your Fighting skill gained 2 levels and is now at level 12!
Your Axes skill gained 3 levels and is now at level 16!
You have reached level 7!
You have reached level 8!
You feel agile.
You hit the centaur warrior.
You block the centaur warrior's attack. x2
A red film seems to cover your vision as you go berserk!
You feel yourself moving faster!
You feel mighty! The hornet closely misses you. You furiously retaliate!
You headbutt the hornet. You block the centaur warrior's attack.
You slash the centaur warrior!
The centaur warrior is almost dead.
You closely miss the hornet. The hornet barely misses you.
The centaur warrior hits you!
You die...

###############
..)..#..'..#__#
).#..').#$$'..+
####+#####'#__####
#)####§§# ##
##[#§§§§c#$§#
#_.§§§§§@y..#
+..._#≈≈§§.#$$#
#_.#+##+#### +#
##+


You could see a centaur warrior and a hornet.

Vanquished Creatures
  A centaur warrior (D)
  A slime creature (D)
  Sigmund (D)
  An ogre (D)
  A jelly (D)
  Ijyb (D)
6 creatures vanquished.

Notes
Turn   | Place    | Note
-------+----------+-------------------------------------------
     0 | D        | Kobolds4U the Minotaur Fighter began the quest for the Orb.
     0 | D        | Reached XP level 1. HP: 19/19 MP: 0/0
     1 | D        | Noticed Ijyb
    17 | D        | Killed Ijyb
    17 | D        | Reached skill level 5 in Fighting
    17 | D        | Reached skill level 6 in Axes
    17 | D        | Reached XP level 2. HP: 26/29 MP: 1/1
    44 | D        | Noticed an ogre
    47 | D        | Killed an ogre
    47 | D        | Reached skill level 9 in Axes
    47 | D        | Reached XP level 3. HP: 34/39 MP: 2/2
    47 | D        | Reached XP level 4. HP: 41/47 MP: 3/3
    51 | D        | Noticed Sigmund
    59 | D        | Killed Sigmund
    59 | D        | Reached skill level 11 in Axes
    59 | D        | Reached XP level 5. HP: 25/57 MP: 4/4
    69 | D        | Found a burning altar of Makhleb.
    69 | D        | Found a shimmering altar of Xom.
    69 | D        | Noticed a slime creature
    70 | D        | Found a viscous altar of Jiyva.
    70 | D        | Found a corrupted altar of Lugonu.
    72 | D        | Killed a slime creature
    72 | D        | Reached skill level 10 in Fighting
    72 | D        | Reached skill level 13 in Axes
    72 | D        | Reached XP level 6. HP: 32/67 MP: 5/5
    73 | D        | Found an ornate altar of the Wu Jian Council.
    73 | D        | Found a deep blue altar of Sif Muna.
    75 | D        | Found a radiant altar of Vehumet.
    80 | D        | Noticed a centaur warrior
    80 | D        | Noticed a centaur warrior
    84 | D        | Noticed a hornet
    90 | D        | Killed a centaur warrior
    90 | D        | Reached skill level 16 in Axes
    90 | D        | Reached XP level 7. HP: 7/78 MP: 6/6
    90 | D        | Reached XP level 8. HP: 7/85 MP: 7/7
    92 | D        | Slain by a centaur warrior

Skill      XL: |  1  2  3  4  5  6 |
---------------+-------------------+-----
Fighting       | 5 7 9 10 12 | 12.5
Axes           | 6 9 11 13 16 | 16.3
Armour         | |  3.6
Shields        | |  3.6

Action                   |  1- 3 |  4- 6 |  7- 9 || total
-------------------------+-------+-------+-------++-------
Melee: War axe           |    17 |    15 |     1 ||    33
       Headbutt          |     1 |     5 |       ||     6
  Use: Potion            |     1 |     1 |     1 ||     3
       Scroll            |       |     1 |       ||     1
Armor: Scale mail        |     9 |     3 |       ||    12
Dodge: Dodged            |     3 |     3 |     2 ||     8
Block: Shield            |     4 |     5 |     3 ||    12
